Demolitions vs Inferno

Created - December 3, 2018 at 19:19

Goals
1 2 3 T
Demolitions 2 1 1 4
Inferno 1 1 4 6
Shots
1 2 3 T
Demolitions 9 13 11 33
Inferno 8 15 14 37

1st period

1. Demolitions , Erik Cole 13 (Brandon McMillan 7, Cameron Schilling 12) at 3:56
2. Inferno , Vladimir Zharkov 4 (Tanner Pearson 12, Vladimir Sobotka 5) at 11:44
3. Demolitions , Phil McRae 6 (Brandon McMillan 8, Aaron Palushaj 4) at 16:38

Penalties :
Christian Folin (Anc) for Delaying the game (Minor) at 11:58, Luca Sbisa (Anc) for Roughing (Minor) at 14:33

2nd period

4. Inferno , Matthew Nieto 9 (Simon Danis-Pepin 3) at 1:58
5. Demolitions , Jonathan Blum 2 (Erik Cole 14) at 14:52

Penalties :
Corban Knight (Vic) for High sticking (Minor) at 5:41, Robert Bortuzzo (Vic) for Cross-checking (Minor) at 8:14, Vladimir Sobotka (Anc) for Hooking (Minor) at 18:47

3rd period

6. Demolitions , Brandon McMillan 6 (Aaron Palushaj 5, Jonathan Blum 8) at 2:16
7. Inferno , Tanner Pearson 7 (Vladimir Zharkov 6, Vladimir Sobotka 6) at 3:10
8. Inferno , Luca Sbisa 2 (Esa Lindell 19, Colby Robak 13) at 6:35
9. Inferno , Vladimir Zharkov 5 (Christian Folin 12, Luca Sbisa 2) at 12:08
10. Inferno , Bryan Rust 9 (Christian Folin 13, Mathieu Brodeur 12) at 15:00

Penalties :
Bryan Rust (Anc) for Hooking (Minor) at 7:48

Goalie Stats

Connor Hellebyuk (Vic), 31 saves from 37 shots - (0.838), L, 7-3-1, 60:00 minutes
Michael Hutchinson (Anc), 29 saves from 33 shots - (0.879), W, 5-5-0, 60:00 minutes

Players Stats for Demolitions

Player Name              G  A  P  +/- PIM S  H  SB GA TA FO     MP     PP MP  PK MP  
------------------------------------------------------------------------------------
Aaron Palushaj           0  2  2   1  0   1  0  0  0  0  1/1    11:34   0:00   0:00 
Andrej Nestrasil         0  0  0   0  0   0  0  0  1  0  0/1     3:14   3:14   0:00 
Billy Sweat              0  0  0  -2  0   9  1  0  0  0  0/0    10:23   0:05   0:00 
Brandon McMillan         1  2  3   1  0   1  1  0  0  0  0/0    12:21   0:05   0:18 
Cameron Schilling        0  1  1   0  0   0  2  0  0  0  0/0    21:12   2:13   1:33 
Corban Knight            0  0  0   0  2   0  1  3  0  2  2/10   11:21   0:00   0:00 
Dmitri Orlov             0  0  0   0  0   1  0  0  0  2  0/0    21:12   2:13   1:33 
Erik Cole                1  1  2  -1  0   3  1  0  0  0  2/5    21:58   4:37   2:07 
Garnet Hathaway          0  0  0   0  0   1  0  0  1  1  0/1    16:44   4:37   0:44 
Joel Vermin              0  0  0  -2  0   0  0  1  0  0  0/0    10:35   0:05   0:00 
Jonathan Blum            1  1  2   0  0   4  0  1  1  0  0/0    26:57   5:43   2:25 
Justin Falk              0  0  0  -1  0   2  2  2  0  1  0/0    27:40   5:43   2:25 
Lane MacDermid           0  0  0   0  0   0  1  0  0  0  0/0    16:25   3:14   1:32 
Michael Latta            0  0  0  -1  0   3  3  0  0  3  12/22  19:25   4:37   0:22 
Nick Shore               0  0  0  -2  0   0  0  0  0  0  8/9     9:41   0:00   0:00 
Phil McRae               1  0  1   1  0   2  1  0  0  0  2/5    12:23   0:00   0:45 
Robert Bortuzzo          0  0  0  -1  2   0  1  1  0  1  0/0    11:33   0:00   0:00 
Seth Helgeson            0  0  0  -1  0   0  0  0  0  0  0/0     0:43   0:00   0:00 
Spencer Machacek         0  0  0  -1  0   5  1  0  2  0  0/0    19:31   3:14   2:08 
Taylor Aronson           0  0  0  -1  0   1  0  0  0  0  0/0    11:08   0:00   0:00 

Players Stats for Inferno

Player Name              G  A  P  +/- PIM S  H  SB GA TA FO     MP     PP MP  PK MP  
------------------------------------------------------------------------------------
Bryan Rust               1  0  1   0  2   3  1  0  0  0  1/2    13:36   0:08   3:40 
Christian Folin          0  2  2   0  2   1  1  2  0  0  0/0    19:36   2:26   1:45 
Colby Robak              0  1  1   3  0   1  1  3  2  1  0/0    26:45   0:00   5:14 
David Savard             0  0  0   3  0   1  1  5  1  2  0/0    27:09   2:26   5:14 
Esa Lindell              0  1  1  -1  0   2  1  0  0  0  0/0    12:46   1:32   0:00 
Kyle Palmieri            0  0  0  -1  0   1  0  0  1  0  0/0    13:53   1:36   0:00 
Luca Sbisa               1  1  2   0  2   4  0  0  0  0  0/0     8:13   0:00   0:00 
Mathieu Brodeur          0  1  1   0  0   2  2  0  0  1  0/0    20:05   0:00   2:42 
Matt Kassian             0  0  0  -1  0   3  0  0  1  1  2/4    15:47   0:08   2:48 
Matthew Nieto            1  0  1   0  0   2  1  0  0  0  0/0    13:52   1:36   2:00 
Oliver Bjorkstrand       0  0  0   0  0   1  0  0  0  0  0/0     8:21   0:08   0:00 
Philip Varone            0  0  0  -1  0   1  4  0  1  0  6/10   15:34   0:00   2:42 
Ryan Spooner             0  0  0   0  0   1  1  2  1  0  2/5     8:12   0:00   0:00 
Simon Danis-Pepin        0  1  1  -1  0   1  2  2  0  0  0/0    13:43   1:32   0:57 
Tanner Pearson           1  1  2   3  0   4  0  0  1  0  0/0    20:02   2:14   0:27 
Victor Rask              0  0  0   0  0   2  1  0  1  0  4/5    11:25   1:36   0:09 
Vladimir Sobotka         0  2  2   3  2   2  2  1  0  0  11/26  22:25   2:14   2:57 
Vladimir Zharkov         2  1  3   3  0   5  2  1  1  0  1/2    20:36   2:14   1:09 

3 Stars

1 - Vladimir Zharkov (Anc)
2 - Tanner Pearson (Anc)
3 - Brandon McMillan (Vic)

Power Play

Demolitions - 0 on 4 Attempt(s) - 0.00%
Inferno - 0 on 2 Attempt(s) - 0.00%

Penalty Kill

Demolitions - 2 on 2 Attempt(s) - 100.00% - Score 0 goal in Penalty Kill
Inferno - 4 on 4 Attempt(s) - 100.00% - Score 0 goal in Penalty Kill

Team Stat

Demolitions - Hits : 15 - Faceoff Wins : 27 - Blocked Shots : 8 - Penalty Minutes : 4
Inferno - Hits : 20 - Faceoff Wins : 27 - Blocked Shots : 16 - Penalty Minutes : 8

Official

Referees : Unknown
Linesman : Unknown

Game Notes

No Game Note

Finance

Level 1 -- Attendance: 1375 (68.75%) -- Ticket Income $55,000
Level 2 -- Attendance: 704 (70.40%) -- Ticket Income $14,080
Total Attendance: 2079 (69.30%)
Total Ticket Income: $69,080
Other Income: $3,454
Total Income: $72,534

Demolitions

5 vs 5 Forward 
   Center                   Left Wing                Right Wing               Time % Phy DF OF 
 1 Michael Latta            Erik Cole                Spencer Machacek         40     1   2  2  
 2 Corban Knight            Lane MacDermid           Garnet Hathaway          30     1   2  2  
 3 Phil McRae               Brandon McMillan         Aaron Palushaj           20     1   2  2  
 4 Nick Shore               Billy Sweat              Joel Vermin              10     1   2  2  

5 vs 5 Defense 
   Defense                  Defense                                           Time % Phy DF OF 
 1 Justin Falk              Jonathan Blum                                     40     1   2  2  
 2 Cameron Schilling        Dmitri Orlov                                      30     1   2  2  
 3 Robert Bortuzzo          Taylor Aronson                                    20     1   2  2  
 4 Seth Helgeson            Justin Falk                                       10     1   2  2  

PowerPlay Forward 
   Center                   Left Wing                Right Wing               Time % Phy DF OF 
 1 Michael Latta            Erik Cole                Garnet Hathaway          60     1   2  2  
 2 Andrej Nestrasil         Lane MacDermid           Spencer Machacek         40     1   2  2  

PowerPlay Defense
   Defense                  Defense                                           Time % Phy DF OF 
 1 Justin Falk              Jonathan Blum                                     60     1   2  2  
 2 Cameron Schilling        Dmitri Orlov                                      40     1   2  2  

Penalty Kill 4 Players Forward 
   Center                   Wing                     Time % Phy DF OF 
 1 Erik Cole                Spencer Machacek         60     1   2  2  
 2 Garnet Hathaway          Lane MacDermid           40     1   2  2  

Penalty Kill 4 Players Defense
   Defense                  Defense                  Time % Phy DF OF 
 1 Justin Falk              Jonathan Blum            60     1   2  2  
 2 Cameron Schilling        Dmitri Orlov             40     1   2  2  

Penalty Kill - 3 Players Forward 
   Forward                                           Time % Phy DF OF 
 1 Erik Cole                                         60     1   2  2  
 2 Spencer Machacek                                  40     1   2  2  

Penalty Kill - 3 Players Defense
   Defense                  Defense                  Time % Phy DF OF 
 1 Justin Falk              Jonathan Blum            60     1   2  2  
 2 Cameron Schilling        Dmitri Orlov             40     1   2  2  

4 vs 4 Forward 
   Center                   Wing                     Time % Phy DF OF 
 1 Erik Cole                Spencer Machacek         60     1   2  2  
 2 Garnet Hathaway          Lane MacDermid           40     1   2  2  

4 vs 4 Defense
   Defense                  Defense                  Time % Phy DF OF 
 1 Justin Falk              Jonathan Blum            60     1   2  2  
 2 Cameron Schilling        Dmitri Orlov             40     1   2  2  

Last Minutes Offensive
   Center                   Left Wing                Right Wing               Defense                  Defense                  
   Michael Latta            Erik Cole                Garnet Hathaway          Justin Falk              Jonathan Blum            

Last Minutes Defensive
   Center                   Left Wing                Right Wing               Defense                  Defense                  
   Michael Latta            Erik Cole                Spencer Machacek         Justin Falk              Jonathan Blum            

Goaltenders
Starting : Connor Hellebyuk         
Backup : Karri Ramo               

Extra Forwards
Normal : Brandon McMillan, Billy Sweat, Phil McRae - PP : Brandon McMillan, Billy Sweat - PK : Phil McRae
Extra Defensemen
Normal : Robert Bortuzzo, Taylor Aronson, Seth Helgeson - PP : Robert Bortuzzo - PK : Seth Helgeson, Robert Bortuzzo
Penalty Shots
Erik Cole, Spencer Machacek, Garnet Hathaway, Lane MacDermid, Corban Knight

Scratches
Alex Hutchings (Healthy), Ryan Olsen (Healthy), Thomas DiPauli (Healthy), JC Lipon (Healthy), Derek Forbort (Healthy)
Taylor Leier (Healthy), Colton Sceviour (Healthy), Jake Paterson (Healthy)

Inferno

5 vs 5 Forward 
   Center                   Left Wing                Right Wing               Time % Phy DF OF 
 1 Vladimir Sobotka         Tanner Pearson           Vladimir Zharkov         40     1   2  2  
 2 Philip Varone            Matt Kassian             Kyle Palmieri            30     1   2  2  
 3 Victor Rask              Matthew Nieto            Bryan Rust               20     1   2  2  
 4 Ryan Spooner             Luca Sbisa               Oliver Bjorkstrand       10     1   2  2  

5 vs 5 Defense 
   Defense                  Defense                                           Time % Phy DF OF 
 1 Colby Robak              David Savard                                      40     1   2  2  
 2 Christian Folin          Mathieu Brodeur                                   30     1   2  2  
 3 Esa Lindell              Simon Danis-Pepin                                 20     1   2  2  
 4 Colby Robak              Mathieu Brodeur                                   10     1   2  2  

PowerPlay Forward 
   Center                   Left Wing                Right Wing               Time % Phy DF OF 
 1 Vladimir Sobotka         Tanner Pearson           Vladimir Zharkov         60     1   2  2  
 2 Victor Rask              Matthew Nieto            Kyle Palmieri            40     1   2  2  

PowerPlay Defense
   Defense                  Defense                                           Time % Phy DF OF 
 1 Christian Folin          David Savard                                      60     1   2  2  
 2 Esa Lindell              Simon Danis-Pepin                                 40     1   2  2  

Penalty Kill 4 Players Forward 
   Center                   Wing                     Time % Phy DF OF 
 1 Vladimir Sobotka         Bryan Rust               60     1   2  2  
 2 Philip Varone            Vladimir Zharkov         40     1   2  2  

Penalty Kill 4 Players Defense
   Defense                  Defense                  Time % Phy DF OF 
 1 Colby Robak              David Savard             60     1   2  2  
 2 Christian Folin          Mathieu Brodeur          40     1   2  2  

Penalty Kill - 3 Players Forward 
   Forward                                           Time % Phy DF OF 
 1 Vladimir Sobotka                                  60     1   2  2  
 2 Bryan Rust                                        40     1   2  2  

Penalty Kill - 3 Players Defense
   Defense                  Defense                  Time % Phy DF OF 
 1 Colby Robak              David Savard             60     1   2  2  
 2 Christian Folin          Mathieu Brodeur          40     1   2  2  

4 vs 4 Forward 
   Center                   Wing                     Time % Phy DF OF 
 1 Vladimir Sobotka         Vladimir Zharkov         60     1   2  2  
 2 Philip Varone            Kyle Palmieri            40     1   2  2  

4 vs 4 Defense
   Defense                  Defense                  Time % Phy DF OF 
 1 Colby Robak              David Savard             60     1   2  2  
 2 Christian Folin          Mathieu Brodeur          40     1   2  2  

Last Minutes Offensive
   Center                   Left Wing                Right Wing               Defense                  Defense                  
   Vladimir Sobotka         Tanner Pearson           Vladimir Zharkov         Colby Robak              David Savard             

Last Minutes Defensive
   Center                   Left Wing                Right Wing               Defense                  Defense                  
   Vladimir Sobotka         Tanner Pearson           Vladimir Zharkov         Colby Robak              David Savard             

Goaltenders
Starting : Michael Hutchinson       
Backup : Christopher Gibson       

Extra Forwards
Normal : Philip Varone, Matt Kassian, Matthew Nieto - PP : Kyle Palmieri, Oliver Bjorkstrand - PK : Matt Kassian
Extra Defensemen
Normal : Christian Folin, Mathieu Brodeur, Esa Lindell - PP : Esa Lindell - PK : Mathieu Brodeur, Simon Danis-Pepin
Penalty Shots
Vladimir Zharkov, Victor Rask, Kyle Palmieri, Tanner Pearson, Oliver Bjorkstrand

Scratches
Anders Lee (Broken Bone (Left Foot) Injury), Chris Brown (Healthy), Frank Corrado (Healthy), Tyler Shattock (Healthy), Joakim Nordstrom (Healthy)
Trevor Carrick (Healthy), Petteri Lindbohm (Healthy), Daniil Tarasov (Healthy), Peter Cehlarik (Healthy), John Gilmour (Healthy)
Branden Troock (Healthy), Greg Pateryn (Healthy), Nathan Lieuwen (Healthy)

% Time on Ice - Demolitions

Lines # - Real PCT - Wanted PCT - Time Play
Normal Forward
1 - 31% - 40% - 14:59
2 - 25% - 30% - 11:52
3 - 24% - 20% - 11:34
4 - 20% - 10% - 9:41
Normal Defense
1 - 39% - 40% - 18:49
2 - 36% - 30% - 17:26
3 - 23% - 20% - 11:08
4 - 1% - 10% - 0:43
PP Forward
1 - 59% - 60% - 4:42
2 - 41% - 40% - 3:14
PP Defense
1 - 72% - 60% - 5:43
2 - 28% - 40% - 2:13
PK Forward
1 - 82% - 60% - 3:14
2 - 18% - 40% - 0:44
PK Defense
1 - 61% - 60% - 2:25
2 - 39% - 40% - 1:33
PK3 Forward
1 - 0% - 60%
2 - 0% - 40%
PK3 Defense
1 - 0% - 60%
2 - 0% - 40%
44 Forward
1 - 0% - 60%
2 - 0% - 40%
44 Defense
1 - 0% - 60%
2 - 0% - 40%
Last Minute Offensive  - 0:00
Last Minute Defensive  - 0:00
Total
Forward - 60:00
Defense - 60:00

% Time on Ice - Inferno

Lines # - Real PCT - Wanted PCT - Time Play
Normal Forward
1 - 37% - 40% - 17:58
2 - 26% - 30% - 12:16
3 - 20% - 20% - 9:40
4 - 17% - 10% - 8:12
Normal Defense
1 - 41% - 40% - 19:29
2 - 32% - 30% - 15:32
3 - 23% - 20% - 11:03
4 - 4% - 10% - 2:02
PP Forward
1 - 60% - 60% - 2:22
2 - 40% - 40% - 1:36
PP Defense
1 - 61% - 60% - 2:26
2 - 39% - 40% - 1:32
PK Forward
1 - 86% - 60% - 6:47
2 - 14% - 40% - 1:09
PK Defense
1 - 66% - 60% - 5:14
2 - 34% - 40% - 2:42
PK3 Forward
1 - 0% - 60%
2 - 0% - 40%
PK3 Defense
1 - 0% - 60%
2 - 0% - 40%
44 Forward
1 - 0% - 60%
2 - 0% - 40%
44 Defense
1 - 0% - 60%
2 - 0% - 40%
Last Minute Offensive  - 0:00
Last Minute Defensive  - 0:00
Total
Forward - 60:00
Defense - 60:00

Play by Play

1st period


0:01 of 1st period - Vladimir Sobotka wins face-off versus Michael Latta in neutral zone.
0:57 of 1st period - Wrist shot by Matthew Nieto.
0:57 of 1st period - Shot Misses the Net.
1:15 of 1st period - Snap shot by Billy Sweat.
1:15 of 1st period - Stopped by Michael Hutchinson without a rebound.
1:16 of 1st period - Nick Shore wins face-off versus Ryan Spooner in Inferno zone.
2:08 of 1st period - Snap shot by Matthew Nieto.
2:08 of 1st period - Shot Misses the Net.
2:30 of 1st period - Snap shot by Brandon McMillan.
2:30 of 1st period - Shot Misses the Net.
3:56 of 1st period - Slapshot by Erik Cole.
3:56 of 1st period - Goal by Erik Cole - Demolitions : 1 - Inferno : 0.
3:57 of 1st period - Michael Latta wins face-off versus Vladimir Sobotka in neutral zone.
4:14 of 1st period - Snap shot by Tanner Pearson.
4:14 of 1st period - Shot Misses the Net.
4:47 of 1st period - Joel Vermin is hit by Esa Lindell and loses puck.
5:39 of 1st period - Slapshot by Kyle Palmieri.
5:39 of 1st period - Shot Misses the Net.
5:57 of 1st period - Esa Lindell is hit by Robert Bortuzzo and loses puck.
6:59 of 1st period - David Savard is hit by Phil McRae and loses puck.
7:08 of 1st period - Slapshot by Victor Rask.
7:08 of 1st period - Stopped by Connor Hellebyuk with a rebound.
8:26 of 1st period - Wrist shot by Lane MacDermid.
8:26 of 1st period - Shot Misses the Net.
8:34 of 1st period - Justin Falk is hit by Matthew Nieto and loses puck.
9:12 of 1st period - Billy Sweat is hit by Simon Danis-Pepin and loses puck.
10:22 of 1st period - Slapshot by Christian Folin.
10:22 of 1st period - Deflect By Vladimir Sobotka.
10:22 of 1st period - Stopped by Connor Hellebyuk with a rebound.
10:44 of 1st period - Wrist shot by Oliver Bjorkstrand.
10:44 of 1st period - Shot Misses the Net.
11:30 of 1st period - Slapshot by Matt Kassian.
11:30 of 1st period - Stopped by Connor Hellebyuk with a rebound.
11:44 of 1st period - Snap shot by Tanner Pearson.
11:44 of 1st period - Deflect By Vladimir Zharkov.
11:44 of 1st period - Goal by Vladimir Zharkov - Demolitions : 1 - Inferno : 1.
11:45 of 1st period - Michael Latta wins face-off versus Vladimir Sobotka in neutral zone.
11:45 of 1st period - Michael Latta is hit by Vladimir Zharkov.
11:51 of 1st period - Snap shot by Erik Cole.
11:51 of 1st period - Stopped by Michael Hutchinson without a rebound.
11:52 of 1st period - Michael Latta wins face-off versus Vladimir Sobotka in Inferno zone.
11:58 of 1st period - Minor Penalty to Christian Folin for Delaying the game.
11:59 of 1st period - Michael Latta wins face-off versus Bryan Rust in Inferno zone.
12:39 of 1st period - Snap shot by Lane MacDermid.
12:39 of 1st period - Shot Misses the Net.
12:41 of 1st period - Snap shot by Jonathan Blum.
12:41 of 1st period - Stopped by Michael Hutchinson with a rebound.
13:05 of 1st period - Snap shot by Matt Kassian.
13:05 of 1st period - Stopped by Connor Hellebyuk with a rebound.
13:58 of 1st period - Penalty to Christian Folin is over, Christian Folin is back on ice.
14:22 of 1st period - Cameron Schilling is hit by Simon Danis-Pepin and loses puck.
14:33 of 1st period - Minor Penalty to Luca Sbisa for Roughing.
14:34 of 1st period - Michael Latta wins face-off versus Vladimir Sobotka in Inferno zone.
14:41 of 1st period - Wrist shot by Garnet Hathaway.
14:41 of 1st period - Shot Hit the Post.
15:07 of 1st period - Philip Varone is hit by Justin Falk and loses puck.
15:32 of 1st period - Garnet Hathaway is hit by Vladimir Sobotka and loses puck.
16:33 of 1st period - Penalty to Luca Sbisa is over, Luca Sbisa is back on ice.
16:34 of 1st period - Wrist shot by Garnet Hathaway.
16:34 of 1st period - Stopped by Michael Hutchinson without a rebound.
16:35 of 1st period - Aaron Palushaj wins face-off versus Ryan Spooner in Inferno zone.
16:38 of 1st period - Snap shot by Phil McRae.
16:38 of 1st period - Goal by Phil McRae - Demolitions : 2 - Inferno : 1.
16:39 of 1st period - Phil McRae wins face-off versus Vladimir Sobotka in neutral zone.
16:46 of 1st period - Wrist shot by Aaron Palushaj.
16:46 of 1st period - Stopped by Michael Hutchinson with a rebound.
16:48 of 1st period - Snap shot by Phil McRae.
16:48 of 1st period - Stopped by Michael Hutchinson with a rebound.
16:52 of 1st period - Snap shot by Brandon McMillan.
16:52 of 1st period - Shot Blocked by David Savard.
17:06 of 1st period - Icing by David Savard.
17:07 of 1st period - Vladimir Zharkov wins face-off versus Nick Shore in Inferno zone.
17:07 of 1st period - Vladimir Zharkov is hit by Billy Sweat.
17:39 of 1st period - Wrist shot by Billy Sweat.
17:39 of 1st period - Shot Misses the Net.
17:53 of 1st period - Snap shot by Billy Sweat.
17:53 of 1st period - Stopped by Michael Hutchinson without a rebound.
17:54 of 1st period - Philip Varone wins face-off versus Michael Latta in Inferno zone.
17:54 of 1st period - Philip Varone is hit by Michael Latta.
18:00 of 1st period - Jonathan Blum is hit by Philip Varone and loses puck.
18:07 of 1st period - Wrist shot by Matt Kassian.
18:07 of 1st period - Shot Misses the Net.
18:09 of 1st period - Backhand shot by Matt Kassian.
18:09 of 1st period - Shot Misses the Net.
19:09 of 1st period - Colby Robak is hit by Erik Cole and loses puck.
19:26 of 1st period - Wrist shot by Matthew Nieto.
19:26 of 1st period - Stopped by Connor Hellebyuk without a rebound.
19:27 of 1st period - Victor Rask wins face-off versus Corban Knight in Demolitions zone.
19:40 of 1st period - Snap shot by Lane MacDermid.
19:40 of 1st period - Shot Hit the Post.
19:50 of 1st period - Wrist shot by Bryan Rust.
19:50 of 1st period - Stopped by Connor Hellebyuk with a rebound.
19:52 of 1st period - Slapshot by Simon Danis-Pepin.
19:52 of 1st period - Stopped by Connor Hellebyuk with a rebound.
Goals for this period are 2 for Demolitions vs 1 for Inferno.
Shots for this period are 9 for Demolitions vs 8 for Inferno.

2nd period


0:01 of 2nd period - Michael Latta wins face-off versus Vladimir Sobotka in neutral zone.
0:49 of 2nd period - Slapshot by Luca Sbisa.
0:49 of 2nd period - Stopped by Connor Hellebyuk with a rebound.
0:51 of 2nd period - Snap shot by Mathieu Brodeur.
0:51 of 2nd period - Deflect By Spencer Machacek.
0:51 of 2nd period - Stopped by Connor Hellebyuk with a rebound.
1:23 of 2nd period - Wrist shot by Vladimir Zharkov.
1:23 of 2nd period - Shot Misses the Net.
1:41 of 2nd period - Slapshot by Kyle Palmieri.
1:41 of 2nd period - Shot Misses the Net.
1:53 of 2nd period - Dmitri Orlov is hit by Victor Rask and loses puck.
1:58 of 2nd period - Wrist shot by Matthew Nieto.
1:58 of 2nd period - Goal by Matthew Nieto - Demolitions : 2 - Inferno : 2.
1:59 of 2nd period - Vladimir Sobotka wins face-off versus Corban Knight in neutral zone.
2:12 of 2nd period - Snap shot by Lane MacDermid.
2:12 of 2nd period - Deflect By Vladimir Zharkov.
2:12 of 2nd period - Shot Misses the Net.
2:12 of 2nd period - Puck is out of play.
2:13 of 2nd period - Vladimir Sobotka wins face-off versus Corban Knight in Inferno zone.
2:26 of 2nd period - Lane MacDermid is hit by David Savard and loses puck.
2:58 of 2nd period - Snap shot by Brandon McMillan.
2:58 of 2nd period - Deflect By Christian Folin.
2:58 of 2nd period - Shot Misses the Net.
2:58 of 2nd period - Puck is out of play.
2:59 of 2nd period - Nick Shore wins face-off versus Victor Rask in Inferno zone.
3:02 of 2nd period - Snap shot by Billy Sweat.
3:02 of 2nd period - Stopped by Michael Hutchinson without a rebound.
3:03 of 2nd period - Nick Shore wins face-off versus Vladimir Zharkov in Inferno zone.
3:06 of 2nd period - Snap shot by Nick Shore.
3:06 of 2nd period - Shot Misses the Net.
3:34 of 2nd period - Off-side.
3:35 of 2nd period - Philip Varone wins face-off versus Michael Latta in neutral zone.
3:48 of 2nd period - Wrist shot by Erik Cole.
3:48 of 2nd period - Shot Misses the Net.
3:50 of 2nd period - Backhand shot by Jonathan Blum.
3:50 of 2nd period - Shot Misses the Net.
4:04 of 2nd period - Justin Falk is hit by Vladimir Zharkov and loses puck.
4:27 of 2nd period - Christian Folin is hit by Brandon McMillan and loses puck.
5:12 of 2nd period - Snap shot by Billy Sweat.
5:12 of 2nd period - Shot Blocked by Simon Danis-Pepin.
5:24 of 2nd period - Tanner Pearson is hit by Lane MacDermid and loses puck.
5:33 of 2nd period - Snap shot by Vladimir Zharkov.
5:33 of 2nd period - Stopped by Connor Hellebyuk with a rebound.
5:35 of 2nd period - Wrist shot by Vladimir Zharkov.
5:35 of 2nd period - Shot Misses the Net.
5:41 of 2nd period - Minor Penalty to Corban Knight for High sticking.
5:42 of 2nd period - Vladimir Sobotka wins face-off versus Erik Cole in Demolitions zone.
7:41 of 2nd period - Penalty to Corban Knight is over, Corban Knight is back on ice.
7:49 of 2nd period - Snap shot by Luca Sbisa.
7:49 of 2nd period - Stopped by Connor Hellebyuk without a rebound.
7:50 of 2nd period - Ryan Spooner wins face-off versus Phil McRae in Demolitions zone.
8:14 of 2nd period - Minor Penalty to Robert Bortuzzo for Cross-checking.
8:15 of 2nd period - Vladimir Sobotka wins face-off versus Erik Cole in Demolitions zone.
8:26 of 2nd period - Wrist shot by Tanner Pearson.
8:26 of 2nd period - Stopped by Connor Hellebyuk with a rebound.
8:28 of 2nd period - Backhand shot by Vladimir Zharkov.
8:28 of 2nd period - Shot Blocked by Jonathan Blum.
9:05 of 2nd period - Icing by David Savard.
9:06 of 2nd period - Erik Cole wins face-off versus Vladimir Sobotka in Inferno zone.
10:14 of 2nd period - Penalty to Robert Bortuzzo is over, Robert Bortuzzo is back on ice.
10:18 of 2nd period - Erik Cole is hit by Ryan Spooner and loses puck.
10:50 of 2nd period - Off-side.
10:51 of 2nd period - Phil McRae wins face-off versus Philip Varone in neutral zone.
10:58 of 2nd period - Wrist shot by Jonathan Blum.
10:58 of 2nd period - Stopped by Michael Hutchinson with a rebound.
11:18 of 2nd period - Snap shot by Billy Sweat.
11:18 of 2nd period - Stopped by Michael Hutchinson without a rebound.
11:19 of 2nd period - Nick Shore wins face-off versus Vladimir Sobotka in Inferno zone.
12:52 of 2nd period - Wrist shot by Nick Shore.
12:52 of 2nd period - Shot Misses the Net.
12:54 of 2nd period - Slapshot by Dmitri Orlov.
12:54 of 2nd period - Shot Blocked by Colby Robak.
13:04 of 2nd period - Wrist shot by Matthew Nieto.
13:04 of 2nd period - Deflect By Victor Rask.
13:04 of 2nd period - Shot Misses the Net.
13:04 of 2nd period - Puck is out of play.
13:05 of 2nd period - Victor Rask wins face-off versus Phil McRae in Demolitions zone.
13:27 of 2nd period - Robert Bortuzzo is hit by Bryan Rust and loses puck.
13:47 of 2nd period - Snap shot by Phil McRae.
13:47 of 2nd period - Shot Blocked by Christian Folin.
13:49 of 2nd period - Wrist shot by Taylor Aronson.
13:49 of 2nd period - Stopped by Michael Hutchinson without a rebound.
13:50 of 2nd period - Michael Latta wins face-off versus Vladimir Sobotka in Inferno zone.
13:51 of 2nd period - Wrist shot by Spencer Machacek.
13:51 of 2nd period - Stopped by Michael Hutchinson with a rebound.
14:00 of 2nd period - Icing by Justin Falk.
14:01 of 2nd period - Vladimir Sobotka wins face-off versus Michael Latta in Demolitions zone.
14:02 of 2nd period - Snap shot by Tanner Pearson.
14:02 of 2nd period - Stopped by Connor Hellebyuk with a rebound.
14:52 of 2nd period - Slapshot by Jonathan Blum.
14:52 of 2nd period - Deflect By Christian Folin.
14:52 of 2nd period - Goal by Jonathan Blum - Demolitions : 3 - Inferno : 2.
14:53 of 2nd period - Corban Knight wins face-off versus Vladimir Sobotka in neutral zone.
15:00 of 2nd period - Wrist shot by Corban Knight.
15:00 of 2nd period - Shot Blocked by Christian Folin.
15:08 of 2nd period - Snap shot by Vladimir Zharkov.
15:08 of 2nd period - Shot Misses the Net.
15:10 of 2nd period - Wrist shot by Tanner Pearson.
15:10 of 2nd period - Shot Misses the Net.
15:20 of 2nd period - Philip Varone is hit by Cameron Schilling.
15:48 of 2nd period - Wrist shot by Ryan Spooner.
15:48 of 2nd period - Stopped by Connor Hellebyuk without a rebound.
15:49 of 2nd period - Vladimir Sobotka wins face-off versus Corban Knight in Demolitions zone.
15:50 of 2nd period - Slapshot by Tanner Pearson.
15:50 of 2nd period - Shot Misses the Net.
15:52 of 2nd period - Wrist shot by Tanner Pearson.
15:52 of 2nd period - Shot Blocked by Corban Knight.
15:54 of 2nd period - Wrist shot by Vladimir Sobotka.
15:54 of 2nd period - Stopped by Connor Hellebyuk with a rebound.
15:56 of 2nd period - Snap shot by Esa Lindell.
15:56 of 2nd period - Stopped by Connor Hellebyuk with a rebound.
15:58 of 2nd period - Snap shot by Tanner Pearson.
15:58 of 2nd period - Stopped by Connor Hellebyuk with a rebound.
16:22 of 2nd period - Snap shot by Spencer Machacek.
16:22 of 2nd period - Stopped by Michael Hutchinson without a rebound.
16:23 of 2nd period - Michael Latta wins face-off versus Philip Varone in Inferno zone.
16:28 of 2nd period - Snap shot by Spencer Machacek.
16:28 of 2nd period - Shot Misses the Net.
16:30 of 2nd period - Slapshot by Cameron Schilling.
16:30 of 2nd period - Shot Blocked by Colby Robak.
16:32 of 2nd period - Wrist shot by Michael Latta.
16:32 of 2nd period - Stopped by Michael Hutchinson with a rebound.
16:34 of 2nd period - Slapshot by Dmitri Orlov.
16:34 of 2nd period - Shot Blocked by Colby Robak.
16:36 of 2nd period - Wrist shot by Michael Latta.
16:36 of 2nd period - Deflect By Spencer Machacek.
16:36 of 2nd period - Stopped by Michael Hutchinson without a rebound.
16:37 of 2nd period - Corban Knight wins face-off versus Vladimir Sobotka in Inferno zone.
16:52 of 2nd period - Tanner Pearson is hit by Corban Knight.
17:04 of 2nd period - David Savard is hit by Michael Latta and loses puck.
17:09 of 2nd period - Slapshot by Michael Latta.
17:09 of 2nd period - Stopped by Michael Hutchinson without a rebound.
17:10 of 2nd period - Philip Varone wins face-off versus Michael Latta in Inferno zone.
17:23 of 2nd period - Slapshot by Philip Varone.
17:23 of 2nd period - Stopped by Connor Hellebyuk without a rebound.
17:24 of 2nd period - Vladimir Sobotka wins face-off versus Corban Knight in Demolitions zone.
17:25 of 2nd period - Snap shot by Vladimir Zharkov.
17:25 of 2nd period - Shot Blocked by Justin Falk.
17:56 of 2nd period - Slapshot by Christian Folin.
17:56 of 2nd period - Shot Hit the Post.
18:20 of 2nd period - Snap shot by Victor Rask.
18:20 of 2nd period - Stopped by Connor Hellebyuk with a rebound.
18:22 of 2nd period - Snap shot by Bryan Rust.
18:22 of 2nd period - Shot Misses the Net.
18:24 of 2nd period - Wrist shot by Bryan Rust.
18:24 of 2nd period - Stopped by Connor Hellebyuk with a rebound.
18:36 of 2nd period - Wrist shot by Ryan Spooner.
18:36 of 2nd period - Shot Blocked by Joel Vermin.
18:38 of 2nd period - Snap shot by Oliver Bjorkstrand.
18:38 of 2nd period - Stopped by Connor Hellebyuk without a rebound.
18:39 of 2nd period - Nick Shore wins face-off versus Vladimir Sobotka in Demolitions zone.
18:47 of 2nd period - Minor Penalty to Vladimir Sobotka for Hooking.
18:48 of 2nd period - Matt Kassian wins face-off versus Michael Latta in Inferno zone.
18:56 of 2nd period - Slapshot by Justin Falk.
18:56 of 2nd period - Shot Blocked by David Savard.
18:58 of 2nd period - Snap shot by Justin Falk.
18:58 of 2nd period - Stopped by Michael Hutchinson with a rebound.
19:00 of 2nd period - Snap shot by Erik Cole.
19:00 of 2nd period - Stopped by Michael Hutchinson with a rebound.
19:02 of 2nd period - Slapshot by Justin Falk.
19:02 of 2nd period - Shot Blocked by David Savard.
19:04 of 2nd period - Slapshot by Justin Falk.
19:04 of 2nd period - Stopped by Michael Hutchinson without a rebound.
19:05 of 2nd period - Matt Kassian wins face-off versus Andrej Nestrasil in Inferno zone.
19:43 of 2nd period - Slapshot by Justin Falk.
19:43 of 2nd period - Shot Blocked by David Savard.
Goals for this period are 1 for Demolitions vs 1 for Inferno.
Shots for this period are 13 for Demolitions vs 15 for Inferno.

3rd period


0:01 of 3rd period - Bryan Rust wins face-off versus Erik Cole in neutral zone.
0:04 of 3rd period - Slapshot by David Savard.
0:04 of 3rd period - Stopped by Connor Hellebyuk without a rebound.
0:05 of 3rd period - Erik Cole wins face-off versus Matt Kassian in Demolitions zone.
0:20 of 3rd period - Wrist shot by Colby Robak.
0:20 of 3rd period - Stopped by Connor Hellebyuk with a rebound.
0:47 of 3rd period - Penalty to Vladimir Sobotka is over, Vladimir Sobotka is back on ice.
1:34 of 3rd period - Garnet Hathaway is hit by Philip Varone and loses puck.
2:01 of 3rd period - Vladimir Sobotka is hit by Spencer Machacek and loses puck.
2:14 of 3rd period - Slapshot by Aaron Palushaj.
2:14 of 3rd period - Shot Misses the Net.
2:16 of 3rd period - Slapshot by Brandon McMillan.
2:16 of 3rd period - Goal by Brandon McMillan - Demolitions : 4 - Inferno : 2.
2:17 of 3rd period - Michael Latta wins face-off versus Vladimir Sobotka in neutral zone.
2:24 of 3rd period - Backhand shot by Spencer Machacek.
2:24 of 3rd period - Stopped by Michael Hutchinson without a rebound.
2:25 of 3rd period - Vladimir Sobotka wins face-off versus Michael Latta in Inferno zone.
3:08 of 3rd period - Slapshot by Vladimir Zharkov.
3:08 of 3rd period - Stopped by Connor Hellebyuk with a rebound.
3:10 of 3rd period - Slapshot by Tanner Pearson.
3:10 of 3rd period - Goal by Tanner Pearson - Demolitions : 4 - Inferno : 3.
3:11 of 3rd period - Philip Varone wins face-off versus Corban Knight in neutral zone.
3:14 of 3rd period - Corban Knight is hit by Philip Varone and loses puck.
3:21 of 3rd period - Wrist shot by Kyle Palmieri.
3:21 of 3rd period - Deflect By Garnet Hathaway.
3:21 of 3rd period - Stopped by Connor Hellebyuk with a rebound.
3:23 of 3rd period - Slapshot by Christian Folin.
3:23 of 3rd period - Stopped by Connor Hellebyuk with a rebound.
3:37 of 3rd period - Lane MacDermid is hit by Mathieu Brodeur and loses puck.
3:42 of 3rd period - Slapshot by Luca Sbisa.
3:42 of 3rd period - Deflect By Ryan Spooner.
3:42 of 3rd period - Shot Blocked by Corban Knight.
3:42 of 3rd period - Puck is out of play.
3:43 of 3rd period - Ryan Spooner wins face-off versus Michael Latta in Demolitions zone.
3:46 of 3rd period - Snap shot by Luca Sbisa.
3:46 of 3rd period - Shot Misses the Net.
3:58 of 3rd period - Wrist shot by Michael Latta.
3:58 of 3rd period - Shot Blocked by Ryan Spooner.
4:14 of 3rd period - Snap shot by Vladimir Zharkov.
4:14 of 3rd period - Shot Blocked by Justin Falk.
4:30 of 3rd period - Snap shot by Vladimir Zharkov.
4:30 of 3rd period - Stopped by Connor Hellebyuk without a rebound.
4:31 of 3rd period - Nick Shore wins face-off versus Philip Varone in Demolitions zone.
4:44 of 3rd period - Snap shot by Billy Sweat.
4:44 of 3rd period - Stopped by Michael Hutchinson with a rebound.
4:55 of 3rd period - Slapshot by Cameron Schilling.
4:55 of 3rd period - Shot Misses the Net.
4:59 of 3rd period - Wrist shot by Billy Sweat.
4:59 of 3rd period - Stopped by Michael Hutchinson with a rebound.
5:05 of 3rd period - Slapshot by Billy Sweat.
5:05 of 3rd period - Stopped by Michael Hutchinson with a rebound.
5:07 of 3rd period - Snap shot by Billy Sweat.
5:07 of 3rd period - Shot Misses the Net.
5:09 of 3rd period - Slapshot by Cameron Schilling.
5:09 of 3rd period - Shot Misses the Net.
5:11 of 3rd period - Slapshot by Dmitri Orlov.
5:11 of 3rd period - Shot Misses the Net.
5:15 of 3rd period - Wrist shot by Billy Sweat.
5:15 of 3rd period - Shot Misses the Net.
6:02 of 3rd period - Snap shot by Nick Shore.
6:02 of 3rd period - Shot Misses the Net.
6:04 of 3rd period - Snap shot by Billy Sweat.
6:04 of 3rd period - Stopped by Michael Hutchinson without a rebound.
6:05 of 3rd period - Michael Latta wins face-off versus Matt Kassian in Inferno zone.
6:12 of 3rd period - Colby Robak is hit by Michael Latta and loses puck.
6:31 of 3rd period - Slapshot by Esa Lindell.
6:31 of 3rd period - Stopped by Connor Hellebyuk with a rebound.
6:33 of 3rd period - Slapshot by Luca Sbisa.
6:33 of 3rd period - Stopped by Connor Hellebyuk with a rebound.
6:35 of 3rd period - Wrist shot by Luca Sbisa.
6:35 of 3rd period - Goal by Luca Sbisa - Demolitions : 4 - Inferno : 4.
6:36 of 3rd period - Philip Varone wins face-off versus Corban Knight in neutral zone.
7:13 of 3rd period - Icing by Brandon McMillan.
7:14 of 3rd period - Vladimir Sobotka wins face-off versus Phil McRae in Demolitions zone.
7:46 of 3rd period - Wrist shot by Spencer Machacek.
7:46 of 3rd period - Stopped by Michael Hutchinson with a rebound.
7:48 of 3rd period - Minor Penalty to Bryan Rust for Hooking.
7:49 of 3rd period - Vladimir Sobotka wins face-off versus Garnet Hathaway in Inferno zone.
8:14 of 3rd period - Lane MacDermid is hit by Vladimir Sobotka and loses puck.
9:16 of 3rd period - Lane MacDermid is hit by Philip Varone and loses puck.
9:48 of 3rd period - Penalty to Bryan Rust is over, Bryan Rust is back on ice.
10:27 of 3rd period - Icing by Robert Bortuzzo.
10:28 of 3rd period - Nick Shore wins face-off versus Vladimir Sobotka in Demolitions zone.
10:47 of 3rd period - Slapshot by Joel Vermin.
10:47 of 3rd period - Shot Misses the Net.
10:49 of 3rd period - Wrist shot by Billy Sweat.
10:49 of 3rd period - Shot Blocked by Vladimir Sobotka.
10:51 of 3rd period - Snap shot by Joel Vermin.
10:51 of 3rd period - Shot Misses the Net.
10:57 of 3rd period - Wrist shot by Nick Shore.
10:57 of 3rd period - Deflect By Christian Folin.
10:57 of 3rd period - Shot Blocked by Vladimir Zharkov.
10:57 of 3rd period - Puck is out of play.
10:58 of 3rd period - Michael Latta wins face-off versus Philip Varone in Inferno zone.
11:23 of 3rd period - Colby Robak is hit by Justin Falk and loses puck.
12:08 of 3rd period - Snap shot by Vladimir Zharkov.
12:08 of 3rd period - Goal by Vladimir Zharkov - Demolitions : 4 - Inferno : 5.
12:09 of 3rd period - Michael Latta wins face-off versus Vladimir Sobotka in neutral zone.
12:38 of 3rd period - Slapshot by Dmitri Orlov.
12:38 of 3rd period - Stopped by Michael Hutchinson without a rebound.
12:39 of 3rd period - Philip Varone wins face-off versus Corban Knight in Inferno zone.
13:05 of 3rd period - Michael Latta is hit by Mathieu Brodeur and loses puck.
13:37 of 3rd period - David Savard is hit by Cameron Schilling and loses puck.
14:54 of 3rd period - Slapshot by Christian Folin.
14:54 of 3rd period - Shot Blocked by Robert Bortuzzo.
14:56 of 3rd period - Wrist shot by Mathieu Brodeur.
14:56 of 3rd period - Stopped by Connor Hellebyuk with a rebound.
14:58 of 3rd period - Slapshot by Mathieu Brodeur.
14:58 of 3rd period - Shot Blocked by Corban Knight.
15:00 of 3rd period - Slapshot by Christian Folin.
15:00 of 3rd period - Deflect By Bryan Rust.
15:00 of 3rd period - Goal by Bryan Rust - Demolitions : 4 - Inferno : 6.
15:01 of 3rd period - Victor Rask wins face-off versus Michael Latta in neutral zone.
15:12 of 3rd period - Snap shot by Michael Latta.
15:12 of 3rd period - Stopped by Michael Hutchinson with a rebound.
16:14 of 3rd period - Wrist shot by Dmitri Orlov.
16:14 of 3rd period - Deflect By Joel Vermin.
16:14 of 3rd period - Shot Blocked by Ryan Spooner.
16:14 of 3rd period - Puck is out of play.
16:15 of 3rd period - Nick Shore wins face-off versus Ryan Spooner in Inferno zone.
16:16 of 3rd period - Snap shot by Billy Sweat.
16:16 of 3rd period - Shot Blocked by David Savard.
16:30 of 3rd period - Cameron Schilling is hit by Colby Robak and loses puck.
16:45 of 3rd period - Wrist shot by Billy Sweat.
16:45 of 3rd period - Stopped by Michael Hutchinson without a rebound.
16:46 of 3rd period - Victor Rask wins face-off versus Michael Latta in Inferno zone.
17:54 of 3rd period - Slapshot by Jonathan Blum.
17:54 of 3rd period - Stopped by Michael Hutchinson with a rebound.
18:14 of 3rd period - Slapshot by Jonathan Blum.
18:14 of 3rd period - Shot Blocked by Simon Danis-Pepin.
18:50 of 3rd period - Dmitri Orlov is hit by Christian Folin and loses puck.
19:47 of 3rd period - Snap shot by Matt Kassian.
19:47 of 3rd period - Stopped by Connor Hellebyuk with a rebound.
Goals for this period are 1 for Demolitions vs 4 for Inferno.
Shots for this period are 11 for Demolitions vs 14 for Inferno.